Unix NetHack Version 5.0.0-0 post-release - last build Jun 10 2026 00:39:30 (3ee93aec679c4c4259841fe613dc97188e26a321,branch:main).

Game began 2026-06-21 16:13:49, ended 2026-06-22 12:21:05.

DimDiver, lawful female dwarven Valkyrie

                   -------
                   |....(|       --------------                  -----
                   |......#      |............|                  |...|
  -------------   #......|#      |.............###    -------    .<..|
  |...........|   #|{....|##     |............|  ##   |.....|    |...|
  |...........|  ##------- #     |............|   ####-....$+    --.--
  |...........-###         #     -------|------       |.....|      #
  |...........|            ##          ##             ---.---      #
  |...........-###############        ####               #        ##
  |...........|             #          #                 ###      #
  -------------             ##         #                   ########
                             ###       ##########               ##
                               #-------.--------#              #######
                               #|..............|###########?         #
                               #|..............|         --.---.-----.-
                               #......d........|         |............|
                                |...............###      |............|
                                ----------------         |............|
                                                         --------------

DimDiver the Skirmisher     St:13 Dx:14 Co:17 In:8 Wi:10 Ch:9  Lawful
Dlvl:2  $:37 HP:0(35) Pw:3(3) AC:4  Xp:3 T:1463  Fainted  Deaf

Latest messages:
 You hit the large kobold.
 The large kobold misses!
 You faint from lack of food.
 The large kobold hits!
 The large kobold hits!
 The large kobold hits!
 The large kobold hits!
 The large kobold just misses!
 The large kobold hits!
 The large kobold hits!
 The large kobold misses!
 The large kobold hits!
 You regain consciousness.
 You miss the large kobold.
 The large kobold hits!
 You kill the large kobold!
 You can hear again.
 You faint from lack of food.
 You regain consciousness.
 You can hear again.
 You faint from lack of food.
 You regain consciousness.
 You can hear again.
 You faint from lack of food.
 You regain consciousness.
 You can hear again.
 You faint from lack of food.
 You regain consciousness.
 You can hear again.
 You faint from lack of food.
 The coyote misses!
 The coyote bites!
 The coyote bites!
 The coyote bites!
 The coyote bites!
 The coyote bites!
 The coyote bites!
 The coyote bites!
 The coyote bites!
 The coyote bites!
 The coyote bites!
 The coyote bites!
 The coyote bites!
 The coyote bites!
 You die...
 Do you want your possessions identified? [ynq] (y) y
 Do you want to see your attributes? [ynq] (y) y
 Do you want an account of creatures vanquished? [ynaq] (y) n
 Do you want to see your conduct and achievements? [ynq] (y) n
 Do you want to see the dungeon overview? [ynq] (y) n

Inventory:
 Coins    ('$')
  $ - 37 gold pieces
 Weapons  (')')
  h - a cursed -1 arrow
  k - 10 cursed -2 darts
  b - a +0 dagger (alternate weapon; not wielded)
  a - a +1 dwarvish spear (weapon in right hand)
 Armor    ('[')
  l - an uncursed +0 pair of speed boots (being worn)
  c - an uncursed +3 small shield (being worn)
  i - an uncursed +0 cloak of invisibility (being worn)
 Comestibles  ('%')
  d - 2 uncursed food rations
 Scrolls  ('?')
  m - a cursed scroll of charging
  g - an uncursed scroll of remove curse
 Tools    ('(')
  n - an uncursed brass lantern
  e - an uncursed oil lamp
  f - an uncursed tin whistle
 Gems/Stones  ('*')
  o - an uncursed amber stone

DimDiver the Valkyrie's attributes:

Background:
 You were a Skirmisher, a level 3 dwarven Valkyrie.
 You were lawful, nominally on a mission for Tyr
 who was opposed by Odin (neutral) and Loki (chaotic).
 You were right-handed.
 You were in the Dungeons of Doom, on level 2.
 You entered the dungeon 1463 turns ago.
 You had 55 experience points, 25 more were needed to attain level 4.

Basics:
 You had 0 out of 35 hit points.
 You had all 3 energy points (spell power).
 Your armor class was 4.
 Your wallet contained 37 zorkmids.
 Autopickup was off.

Final Characteristics:
 Your strength was 13 (base:14, peak:17, limit:18/100).
 Your dexterity was 14 (limit:20).
 Your constitution was 17 (limit:20).
 Your intelligence was 8 (limit:16).
 Your wisdom was 10 (limit:16).
 Your charisma was 9 (limit:16).

Final Status:
 You were deaf.
 You were fainted due to starvation.
 You were unencumbered.
 You were wielding a spear.
 You had basic skill with spear.

Final Attributes:
 You were stridently aligned.
 You were cold resistant.
 You had infravision.
 You were invisible.
 You were stealthy.
 You were warded.
 You were very fast.
 You are dead.

Miscellaneous:
 You didn't encounter any bones levels.
 Total elapsed playing time was 53 minutes and 33 seconds.

Major events:
 Turn
    1: DimDiver the lawful dwarven Valkyrie entered the dungeon
 1074: attained the rank of Skirmisher (level 3)
 1463: killed by a coyote, while fainted from lack of food

You didn't know any spells.

Skills:
 Fighting Skills
   bare handed combat [Unskilled]
   two weapon combat  [Unskilled]
   riding             [Unskilled]
 Weapon Skills
   dagger             [Basic]
   axe                [Unskilled]
   pick-axe           [Unskilled]
   short sword        [Unskilled]
   broadsword         [Unskilled]
   long sword         [Unskilled]
   two-handed sword   [Unskilled]
   saber              [Unskilled]
   hammer             [Unskilled]
   quarterstaff       [Unskilled]
   polearms           [Unskilled]
   spear              [Basic]
   trident            [Unskilled]
   lance              [Unskilled]
   sling              [Unskilled]
 Spellcasting Skills
   attack spells      [Unskilled]
   escape spells      [Unskilled]

Voluntary challenges:
 Character rerolling was not enabled.
 You were an atheist.
 You were illiterate.
 You never genocided any monsters.
 You never polymorphed an object.
 You never changed form.
 You used no wishes.
Achievement:
 You attained the rank of Skirmisher.

 The Dungeons of Doom: levels 1 to 2
    Level 1:
       Many altars.
    Level 2: <- You were here.
       A fountain.
       Final resting place for
          you, killed by a coyote, while fainted from lack of food.


Vanquished creatures:
  a kitten
  a large kobold
  a yellow mold
  a green mold
  a gecko
  a jackal
  a fox
  a kobold
  a goblin
  a sewer rat
  6 grid bugs
  2 lichens
  3 newts
21 creatures vanquished.

No species were genocided or became extinct.

Game over:
                       ----------
                      /          \
                     /    REST    \
                    /      IN      \
                   /     PEACE      \
                  /                  \
                  |     DimDiver     |
                  |      37 Au       |
                  |   killed by a    |
                  |      coyote      |
                  |                  |
                  |                  |
                  |       2026       |
                 *|     *  *  *      | *
        _________)/\\_//(\/(/\)/\//\/|_)_______

Farvel DimDiver the Valkyrie...

You died in The Dungeons of Doom on dungeon level 2 with 314 points,
and 37 pieces of gold, after 1463 moves.
You were level 3 with a maximum of 35 hit points when you died.

